 Dungeon Crawl Stone Soup version 0.32-a0-43-g058985b245 (webtiles) character file.

Game seed: 17728528645563445181

454 timneilson the Ruffian (level 7, -13/69 HPs)
             Began as an Octopode Shapeshifter on Feb 4, 2024.
             Mangled by Duvessa
             ... wielding a +0 rapier
              (14 damage)
             ... on level 4 of the Dungeon.
             The game lasted 00:05:20 (2576 turns).

timneilson the Ruffian (Octopode Shapeshifter)      Turns: 2576, Time: 00:05:21

Health: -13/69     AC:  1    Str: 16    XL:     7   Next: 5%
Magic:  7/7        EV: 14    Int: 12    God:
Gold:   246        SH:  0    Dex: 11    Spells: 6/6 levels left

rFire   . .          .
                       - Unarmed
rCold   . . .        (no shield)
rNeg    . . .        (helmet currently unavailable)
rPois   .            (no amulet)
rElec   .            (no ring)
rCorr   .            (no ring)
SInv    .            (no ring)
Will    .....        (no ring) Stlth
                     (no ring)
HPRegen 0.31/turn    (no ring)
MPRegen 0.10/turn    (no ring)
                     (no ring)

%: no passive effects
@: berserking, beast-form, very quick
A: beast (slay +2), almost no armour, amphibious, 8 rings, camouflage 1,
gelatinous body 1, (nimble swimmer 1), tentacles
a: Begin Untransformation


You were on level 4 of the Dungeon.
You were a hulking beast.
You visited 2 branches of the dungeon, and saw 5 of its levels.

You collected 246 gold pieces.

Inventory:

Missiles
 l - 12 poisoned darts (quivered)
Jewellery
 g - a ring of protection from cold
Talismans
 b - a beast talisman
 c - a flux talisman
Wands
 m - a wand of roots (6)
Scrolls
 h - a scroll of teleportation
 k - 2 scrolls of poison
 n - a scroll of enchant weapon
Potions
 a - 4 potions of lignification
 d - 2 potions of attraction
 e - a potion of magic
 f - 3 potions of curing
 j - a potion of haste


   Skills:
 * Level 3.2 Fighting
 * Level 3.7 Dodging
 + Level 3.1 Stealth
 * Level 4.5 Unarmed Combat
 + Level 0.3 Evocations
 * Level 4.2 Shapeshifting


You had 6 spell levels left.
You didn't know any spells.
Your spell library contained the following spells:

 Spells                   Type           Power      Damage    Failure   Level
 Apportation              Tloc           0%         N/A       32%         1
 Jinxbite                 Hex            0%         N/A       45%         2
 Alistair's Intoxication  Alch           0%         N/A       100%        5


Dungeon Overview and Level Annotations

Branches:
Dungeon (4/15)             Temple (1/1) D:4

Altars:
Ashenzari
Cheibriados
Dithmenos
Hepliaklqana
Nemelex Xobeh
Okawaru
Ru
Sif Muna
Trog
Uskayaw
Vehumet
Xom
Zin
The Shining One

Shops:
D:3 ?   D:4 *

Annotations:
D:4 Dowan, Duvessa


Innate Abilities, Weirdness & Mutations

You are a hulking beast.
Your limbs bulge with bestial killing power. (Slay +2)
You cannot wear most types of armour.
You are amphibious.
You can wear up to eight rings at the same time.
Your skin changes colour to match your surroundings (Stealth+).
Your rubbery body absorbs attacks. (AC +1, EV +1)
((You are camouflaged when in or above water. (Stealth+)))
You have tentacles for arms and can constrict up to eight enemies at once.


Message History

A black bear comes into view.
You tentacle-slap Pargi. Your squeeze misses Pargi.
Pargi is heavily wounded.
Duvessa barely misses you.
Dowan casts a spell.
Dowan blinks!
Pargi closely misses you. x2; Pargi claws you.
Unknown command.
You closely miss Pargi. Your squeeze misses Pargi.
Pargi is heavily wounded.
Duvessa closely misses you.
Dowan gestures wildly while chanting.
Dowan blinks!
Pargi closely misses you. x2; Pargi completely misses you.
Duvessa hits you with a +0 rapier.
* * * LOW HITPOINT WARNING * * *
You closely miss Pargi. Your squeeze misses Pargi.
Pargi is heavily wounded.
Dowan zaps a wand.
You resist with some effort. Pargi completely misses you. Pargi misses you.
Pargi barely misses you.
Unknown command.
A red film seems to cover your vision as you go berserk!
You feel yourself moving faster!
You feel mighty!
Duvessa gestures with her weapon.
Duvessa hits you with a +0 rapier!
* * * LOW HITPOINT WARNING * * *
Pargi bites you.
* * * LOW HITPOINT WARNING * * *
Pargi claws you.
* * * LOW HITPOINT WARNING * * *
Pargi completely misses you. Duvessa hits you with a +0 rapier!
* * * LOW HITPOINT WARNING * * *
Unknown command.
Unknown command.
Unknown command.
You are too berserk!
You barely miss Pargi.
Pargi is heavily wounded.
You tentacle-slap Pargi. You squeeze Pargi!
You kill Pargi!
Duvessa hits you with a +0 rapier!
You die...

#### ##..##
#..... #.... ###
#..####### ....
##..##....##....#
#.!......e......#
##..##.heh.#.
##..##.....#
#...######.#
####....# ##
#.......#
##.###..#######
#.............##
##.#...#........#
#...#.#.........#


You could see Duvessa (fast), a black bear and Dowan.

Vanquished Creatures
  Sigmund (D:4)
  Pargi (D:4)
  A scorpion (D:3)
  2 hounds (D:4)
  An iguana (D:4)
  Robin (D:2)
  5 adders
  A ribbon worm (D:3)
  A dart slug (D:2)
  5 orcs
  7 ball pythons
  6 bats
  5 endoplasms
  4 giant cockroaches
  13 goblins
  10 hobgoblins
  4 jackals (D:4)
  6 kobolds
  7 quokkas
  A frilled lizard (D:1)
  2 rats (D:2)
84 creatures vanquished.

Notes
Turn   | Place    | Note
-------+----------+-------------------------------------------
     0 | D:1      | timneilson the Octopode Shapeshifter began the quest for
                  | the Orb.
     0 | D:1      | Reached XP level 1. HP: 13/13 MP: 1/1
    74 | D:1      | Reached XP level 2. HP: 18/18 MP: 2/2
   238 | D:1      | You fall into a shaft and drop 1 floor!
   319 | D:1      | Found a faded altar of an unknown god.
   445 | D:1      | Reached skill level 1 in Stealth
   445 | D:1      | Reached XP level 3. HP: 19/23 MP: 3/3
   634 | D:2      | Noticed Robin
   656 | D:2      | Killed Robin
   657 | D:2      | Reached XP level 4. HP: 23/29 MP: 4/4
   846 | D:2      | Found a glowing silver altar of Zin.
  1538 | D:3      | Noticed a scorpion
  1595 | D:3      | Killed a scorpion
  1596 | D:3      | Reached XP level 5. HP: 19/35 MP: 5/5
  1760 | D:3      | Found Sokowa's Magic Scroll Boutique.
  2248 | D:4      | Noticed Sigmund
  2254 | D:4      | Killed Sigmund
  2255 | D:4      | Reached XP level 6. HP: 33/42 MP: 6/6
  2339 | D:4      | Found Cicaufou's Fire Supplies.
  2428 | D:4      | Found a staircase to the Ecumenical Temple.
  2447 | Temple   | Entered the Ecumenical Temple
  2469 | D:4      | Reached XP level 7. HP: 35/46 MP: 7/7
  2559 | D:4      | Noticed Pargi
  2566 | D:4      | Noticed Duvessa
  2566 | D:4      | Noticed Dowan
  2574 | D:4      | HP: 1/69 [Duvessa/+0 rapier (9)]
  2576 | D:4      | Killed Pargi
  2576 | D:4      | Mangled by Duvessa

Illustrated notes

Levels and vault maps discovered:
D:1:      erik_arrival_triangle_small, layout_rooms,
          shapermc_ecumenical_altar_mp_highgroup
D:2:      layout_basic, basic_altar, uniq_robin
D:3:      layout_loops_ring, serial_shops, nicolae_shop_crystal
D:4:      layout_gridville, minmay_temple_entry_crystal_x,
          nicolae_shop_fire_sale [nicolae_sub_dead_trees], uniq_sigmund,
          uniq_pargi, uniq_duvessa
Temple:   minmay_temple_curvy_branch

Skill      XL: |  1  2  3  4  5  6 |
---------------+-------------------+-----
Stealth        | 1 2 3 |  3.1
Fighting       | 2 3 |  3.2
Dodging        | 3 |  3.7
Unarmed Combat | 4 |  4.5
Shapeshifting  | 4 |  4.2
Evocations     | |  0.3

Action                     |  1- 3 |  4- 6 |  7- 9 || total
---------------------------+-------+-------+-------++-------
  Melee: Unarmed           |    61 |    78 |    12 ||   151
         Constrict         |    14 |    20 |       ||    34
         Tentacles         |    13 |    16 |     2 ||    31
         Punch             |     3 |     1 |     1 ||     5
    Use: Scroll            |     6 |     8 |       ||    14
         Potion            |       |     1 |     1 ||     2
   Stab: Sleeping          |     5 |    11 |     1 ||    17
         Distracted        |       |     1 |       ||     1
 Armour: Skin              |    15 |    30 |    16 ||    61
  Dodge: Dodged            |    19 |    38 |    16 ||    73

Table legend: (Time is in decaauts)
 A = Elapsed time spent in this place.
 B = Non-inter-level travel time spent in this place.
 C = Inter-level travel time spent in this place.
 D = Time resting spent in this place.
 E = Time spent auto-exploring this place.
 F = Levels seen in this place.
 G = Mean time per level.
                   A        B        C        D        E       F      G
               +--------+--------+--------+--------+--------+-----+--------+
         Total |   2565 |   2538 |     27 |    283 |   1657 |   5 |  513.0 |
       Dungeon |   2563 |   2536 |     27 |    283 |   1657 |   4 |  640.8 |
        Temple |      1 |      1 |      0 |      0 |      0 |   1 |    1.0 |
               +--------+--------+--------+--------+--------+-----+--------+

Top non-repeatable levels by time:
     D:3: 857 daAuts
     D:2: 810 daAuts
     D:1: 559 daAuts
     D:4: 335 daAuts
  Temple: 1 daAuts
